[ PARTIDA AOE2 · #503419115 ]
UnrankedSarracenos vs Khitans
[ ANÁLISIS DE REPETICIÓN · EXTRAÍDO DE LA PARTIDA GRABADA ]
Feudal
9:19
Castillos
14:19
Imperial
41:52
| APM promedio | 33.0 |
| APM pico | 65 |
| eAPM promedio | 20.8 |
| Aldeanos / militares | 98 / 185 |
Foco
⚔️ 45.7% · 🌾 54.3%
Archer ×174 · Monk ×5 · Mangonel ×3 · Trebuchet (Packed) ×3
Feudal
8:36
Castillos
22:43
Imperial
—
| APM promedio | 32.8 |
| APM pico | 90 |
| eAPM promedio | 13.9 |
| Aldeanos / militares | 67 / 29 |
Foco
⚔️ 32.1% · 🌾 67.9%
Camel Scout ×28 · Iron Pagoda ×1
Feudal
8:55
Castillos
18:08
Imperial
37:25
| APM promedio | 78.2 |
| APM pico | 161 |
| eAPM promedio | 47.4 |
| Aldeanos / militares | 151 / 270 |
Foco
⚔️ 71.2% · 🌾 28.8%
Knight ×154 · Spearman ×104 · Battering Ram ×9 · Scout Cavalry ×3
Feudal
8:52
Castillos
19:48
Imperial
35:07
| APM promedio | 44.0 |
| APM pico | 112 |
| eAPM promedio | 21.8 |
| Aldeanos / militares | 206 / 174 |
Foco
⚔️ 32.2% · 🌾 67.8%
Knight ×160 · Scout Cavalry ×9 · Trebuchet (Packed) ×3 · Monk ×2
Feudal
10:32
Castillos
16:55
Imperial
43:52
| APM promedio | 29.5 |
| APM pico | 61 |
| eAPM promedio | 21.4 |
| Aldeanos / militares | 117 / 197 |
Foco
⚔️ 40.1% · 🌾 59.9%
Scout Cavalry ×108 · Camel Archer ×78 · Mangonel ×7 · Trade Cart ×7 · Scorpion ×3 · Trebuchet (Packed) ×1
Feudal
10:27
Castillos
14:16
Imperial
31:15
| APM promedio | 24.4 |
| APM pico | 50 |
| eAPM promedio | 17.1 |
| Aldeanos / militares | 166 / 376 |
Foco
⚔️ 29.1% · 🌾 70.9%
Skirmisher ×263 · Cataphract ×83 · Trebuchet (Packed) ×20 · Bombard Cannon ×8 · Monk ×2
Feudal
10:11
Castillos
14:06
Imperial
28:19
| APM promedio | 43.0 |
| APM pico | 75 |
| eAPM promedio | 27.0 |
| Aldeanos / militares | 135 / 310 |
Foco
⚔️ 42.9% · 🌾 57.1%
Skirmisher ×204 · Archer ×62 · Unknown (1942) ×28 · Scout Cavalry ×23 · Genitour ×20 · Monk ×1
Feudal
11:23
Castillos
14:56
Imperial
43:02
| APM promedio | 33.1 |
| APM pico | 80 |
| eAPM promedio | 18.6 |
| Aldeanos / militares | 133 / 243 |
Foco
⚔️ 34.5% · 🌾 65.5%
Elephant Archer ×143 · Skirmisher ×80 · Trade Cart ×31 · Armored Elephant ×14 · Trebuchet (Packed) ×3 · Monk ×2
Mapa de la partida
Recursos iniciales + cada clic de construcción. Líneas = muros · curvas = relieve. ◆ oro · ⬟ piedra · ● bayas · ✦ reliquia · ◌ hueco del cierre
Tu base· ✓ Cerrada en 14:19 · 22t muro · 3 puerta(s)
Base de 抖音帝国阿飞· ✓ Cerrada en 22:43 · 11t muro · 9 puerta(s)
Base de Richman· ✓ Cerrada en 18:08 · 3t muro · 2 puerta(s)
Base de Element-Dy· ✓ Cerrada en 19:48 · 0t muro · 3 puerta(s)
Base de SlyFever· ✓ Cerrada en 16:55 · 96t muro · 2 puerta(s)
Base de PNLN | maromba_aoe· ✓ Cerrada en 14:16 · 0t muro · 3 puerta(s)
Base de 种田人口才是基本盘· ✓ Cerrada en 14:06 · 0t muro · 2 puerta(s)
Base de Karoliusw06· ✓ Cerrada en 14:56 · 0t muro · 2 puerta(s)
Terreno inicial suavizado · ◌ = hueco del cierre detectado · pasá el cursor para detalles
Inputs por minuto
— konstid - - 抖音帝国阿飞
Build order — konstid
Primeras 150 de 460 acciones detectadas
| 0:01 | Crear | Villager (Male) |
| 0:02 | Crear | Villager (Male) |
| 0:02 | Crear | Villager (Male) |
| 0:02 | Crear | Villager (Male) |
| 0:03 | Construir | House |
| 0:04 | Construir | House |
| 1:26 | Crear | Villager (Male) |
| 1:26 | Crear | Villager (Male) |
| 1:46 | Crear | Villager (Male) |
| 1:46 | Crear | Villager (Male) |
| 2:13 | Construir | Lumber Camp |
| 2:29 | Crear | Villager (Male) |
| 2:29 | Crear | Villager (Male) |
| 2:45 | Crear | Villager (Male) |
| 2:45 | Crear | Villager (Male) |
| 3:29 | Construir | House |
| 3:43 | Crear | Villager (Male) |
| 3:44 | Crear | Villager (Male) |
| 3:44 | Crear | Villager (Male) |
| 3:57 | Construir | Palisade Wall |
| 4:11 | Crear | Villager (Male) |
| 4:16 | Crear | Villager (Male) |
| 4:16 | Crear | Villager (Male) |
| 4:27 | Construir | Mill |
| 5:13 | Construir | House |
| 5:28 | Crear | Villager (Male) |
| 5:46 | Crear | Villager (Male) |
| 6:33 | Crear | Villager (Male) |
| 6:47 | Construir | Mining Camp |
| 7:09 | Investigar | Feudal Age |
| 7:09 | Investigar | Feudal Age |
| 7:48 | Construir | Barracks |
| 7:55 | Construir | House |
| 8:38 | Crear | Villager (Male) |
| 9:05 | Construir | House |
| 9:11 | Construir | House |
| 9:19 | Edad | Edad Feudal |
| 9:20 | Construir | Palisade Wall |
| 9:31 | Construir | Market |
| 9:39 | Crear | Villager (Male) |
| 9:51 | Construir | Archery Range |
| 10:32 | Construir | House |
| 10:41 | Construir | House |
| 10:56 | Construir | House |
| 11:39 | Investigar | Castle Age |
| 11:39 | Investigar | Castle Age |
| 11:49 | Construir | House |
| 11:54 | Construir | Palisade Wall |
| 12:20 | Construir | House |
| 12:22 | Construir | Palisade Wall |
| 12:24 | Construir | House |
| 12:28 | Construir | Palisade Wall |
| 12:30 | Construir | House |
| 12:34 | Construir | Palisade Wall |
| 12:51 | Investigar | Double-Bit Axe |
| 13:42 | Construir | House |
| 13:46 | Construir | House |
| 14:02 | Construir | House |
| 14:19 | Edad | Edad de los Castillos |
| 14:24 | Construir | Blacksmith |
| 14:29 | Investigar | Bow Saw |
| 14:37 | Construir | Market |
| 14:45 | Investigar | Loom |
| 14:45 | Investigar | Loom |
| 15:07 | Construir | Siege Workshop |
| 15:14 | Crear | Villager (Male) |
| 15:14 | Crear | Villager (Male) |
| 15:46 | Crear | Mangonel |
| 15:47 | Crear | Mangonel |
| 16:52 | Crear | Mangonel |
| 17:28 | Crear | Villager (Male) |
| 17:28 | Crear | Villager (Male) |
| 17:59 | Construir | House |
| 18:10 | Investigar | Horse Collar |
| 18:15 | Construir | Farm |
| 18:16 | Construir | Farm |
| 18:29 | Construir | Farm |
| 18:30 | Construir | Farm |
| 18:46 | Construir | Farm |
| 18:57 | Construir | Palisade Wall |
| 19:21 | Crear | Villager (Male) |
| 19:21 | Crear | Villager (Male) |
| 19:47 | Construir | Archery Range |
| 19:58 | Crear | Villager (Male) |
| 19:58 | Crear | Villager (Male) |
| 20:14 | Investigar | Fletching |
| 20:19 | Construir | House |
| 20:36 | Construir | House |
| 20:37 | Crear | Villager (Male) |
| 20:47 | Crear | Archer |
| 20:55 | Crear | Villager (Male) |
| 21:05 | Construir | Monastery |
| 21:10 | Construir | Palisade Wall |
| 21:11 | Construir | Palisade Gate |
| 21:16 | Construir | Palisade Wall |
| 21:23 | Crear | Villager (Male) |
| 21:26 | Crear | Archer |
| 21:45 | Construir | Farm |
| 21:48 | Construir | Farm |
| 21:57 | Crear | Monk |
| 22:02 | Crear | Archer |
| 22:17 | Crear | Villager (Male) |
| 22:28 | Construir | House |
| 22:37 | Crear | Archer |
| 22:38 | Crear | Villager (Male) |
| 22:41 | Construir | House |
| 22:45 | Construir | Farm |
| 22:49 | Construir | Farm |
| 22:58 | Crear | Archer |
| 22:59 | Crear | Villager (Male) |
| 23:14 | Investigar | Bodkin Arrow |
| 23:14 | Investigar | Bodkin Arrow |
| 23:34 | Crear | Villager (Male) |
| 23:37 | Construir | Archery Range |
| 23:54 | Crear | Archer |
| 24:02 | Construir | House |
| 24:03 | Crear | Villager (Male) |
| 24:08 | Construir | Farm |
| 24:17 | Crear | Archer |
| 24:23 | Crear | Villager (Male) |
| 24:27 | Construir | Farm |
| 24:41 | Investigar | Crossbowman (upgrade) |
| 24:41 | Investigar | Crossbowman (upgrade) |
| 24:52 | Construir | House |
| 25:25 | Crear | Archer |
| 25:26 | Crear | Archer |
| 25:30 | Crear | Villager (Male) |
| 25:34 | Crear | Monk |
| 26:21 | Crear | Archer |
| 26:21 | Crear | Archer |
| 26:43 | Crear | Archer |
| 26:44 | Crear | Archer |
| 26:46 | Construir | Archery Range |
| 26:51 | Crear | Archer |
| 26:52 | Crear | Archer |
| 26:53 | Crear | Villager (Male) |
| 26:53 | Crear | Villager (Male) |
| 26:57 | Investigar | Padded Archer Armor |
| 26:57 | Investigar | Padded Archer Armor |
| 27:20 | Crear | Monk |
| 27:27 | Crear | Archer |
| 27:27 | Crear | Archer |
| 27:36 | Construir | House |
| 27:46 | Crear | Villager (Male) |
| 28:00 | Crear | Archer |
| 28:00 | Crear | Archer |
| 28:03 | Construir | Archery Range |
| 28:13 | Crear | Monk |
| 28:18 | Crear | Villager (Male) |
| 28:19 | Crear | Villager (Male) |
Build order — 抖音帝国阿飞
Primeras 150 de 180 acciones detectadas
| 0:02 | Crear | Villager (Male) |
| 0:03 | Crear | Villager (Male) |
| 0:03 | Crear | Villager (Male) |
| 0:05 | Construir | House |
| 0:06 | Construir | House |
| 0:16 | Crear | Villager (Male) |
| 1:37 | Crear | Villager (Male) |
| 1:52 | Crear | Villager (Male) |
| 1:54 | Construir | Lumber Camp |
| 2:31 | Crear | Villager (Male) |
| 2:42 | Crear | Villager (Male) |
| 3:04 | Construir | House |
| 3:16 | Crear | Villager (Male) |
| 3:30 | Construir | House |
| 3:49 | Crear | Villager (Male) |
| 4:21 | Crear | Villager (Male) |
| 4:45 | Crear | Villager (Male) |
| 4:47 | Crear | Villager (Male) |
| 5:10 | Crear | Villager (Male) |
| 5:26 | Construir | Mill |
| 5:44 | Investigar | Loom |
| 6:25 | Investigar | Feudal Age |
| 7:22 | Construir | Mining Camp |
| 8:36 | Edad | Edad Feudal |
| 8:39 | Crear | Villager (Male) |
| 8:41 | Investigar | Double-Bit Axe |
| 8:48 | Construir | Watch Tower |
| 8:54 | Crear | Villager (Male) |
| 9:05 | Crear | Villager (Male) |
| 9:17 | Construir | Blacksmith |
| 9:27 | Crear | Villager (Male) |
| 10:05 | Investigar | Fletching |
| 10:07 | Construir | House |
| 10:13 | Crear | Villager (Male) |
| 10:42 | Crear | Villager (Male) |
| 10:48 | Construir | House |
| 11:00 | Crear | Villager (Male) |
| 11:04 | Construir | Watch Tower |
| 11:11 | Construir | Watch Tower |
| 11:15 | Crear | Villager (Male) |
| 11:25 | Construir | House |
| 11:36 | Crear | Villager (Male) |
| 11:41 | Construir | Mining Camp |
| 11:50 | Crear | Villager (Male) |
| 12:03 | Construir | Pasture |
| 12:14 | Crear | Villager (Male) |
| 12:17 | Investigar | Stone Mining |
| 12:26 | Crear | Villager (Male) |
| 13:05 | Crear | Villager (Male) |
| 13:29 | Construir | Watch Tower |
| 13:34 | Crear | Villager (Male) |
| 13:39 | Construir | Pasture |
| 13:50 | Crear | Villager (Male) |
| 14:05 | Crear | Villager (Male) |
| 14:26 | Crear | Villager (Male) |
| 15:01 | Crear | Villager (Male) |
| 15:09 | Construir | House |
| 15:20 | Crear | Villager (Male) |
| 15:25 | Crear | Villager (Male) |
| 15:38 | Crear | Villager (Male) |
| 15:44 | Construir | Pasture |
| 15:56 | Crear | Villager (Male) |
| 16:07 | Construir | Palisade Gate |
| 16:34 | Crear | Villager (Male) |
| 16:58 | Crear | Villager (Male) |
| 17:02 | Construir | Barracks |
| 17:12 | Crear | Villager (Male) |
| 17:18 | Construir | Pasture |
| 17:35 | Construir | Pasture |
| 17:51 | Crear | Villager (Male) |
| 18:06 | Construir | House |
| 18:07 | Construir | House |
| 18:11 | Construir | Pasture |
| 19:01 | Construir | Stable |
| 19:19 | Construir | House |
| 19:46 | Construir | Pasture |
| 19:51 | Construir | House |
| 19:55 | Construir | Gate |
| 20:03 | Investigar | Castle Age |
| 20:09 | Construir | Stone Wall |
| 20:16 | Construir | Stone Wall |
| 20:18 | Construir | Stone Wall |
| 20:38 | Construir | Stone Wall |
| 20:51 | Construir | Gate |
| 20:54 | Construir | Stone Wall |
| 20:56 | Construir | Stone Wall |
| 21:09 | Construir | Gate |
| 21:15 | Construir | Stable |
| 21:26 | Construir | House |
| 21:29 | Construir | House |
| 21:33 | Construir | Stone Wall |
| 21:34 | Crear | Villager (Male) |
| 21:39 | Construir | Stone Wall |
| 21:43 | Construir | Stone Wall |
| 21:47 | Investigar | Forging |
| 21:55 | Construir | House |
| 21:57 | Construir | Stone Wall |
| 22:00 | Crear | Villager (Male) |
| 22:05 | Investigar | Tech 1014 |
| 22:29 | Construir | Gate |
| 22:31 | Construir | Stone Wall |
| 22:36 | Crear | Villager (Male) |
| 22:41 | Construir | Lumber Camp |
| 22:43 | Edad | Edad de los Castillos |
| 22:47 | Investigar | Husbandry |
| 22:48 | Crear | Camel Scout |
| 22:49 | Crear | Camel Scout |
| 22:54 | Investigar | Iron Casting |
| 23:06 | Construir | House |
| 23:11 | Crear | Camel Scout |
| 23:11 | Crear | Camel Scout |
| 23:34 | Construir | Town Center |
| 23:42 | Crear | Villager (Male) |
| 23:47 | Crear | Camel Scout |
| 23:47 | Crear | Camel Scout |
| 24:00 | Crear | Camel Scout |
| 24:01 | Crear | Camel Scout |
| 24:18 | Crear | Camel Scout |
| 24:18 | Crear | Camel Scout |
| 24:23 | Crear | Villager (Male) |
| 24:27 | Construir | Pasture |
| 24:36 | Crear | Villager (Male) |
| 24:51 | Construir | Town Center |
| 25:02 | Construir | Pasture |
| 25:24 | Investigar | Scale Barding Armor |
| 25:35 | Crear | Camel Scout |
| 25:36 | Crear | Camel Scout |
| 26:01 | Crear | Camel Scout |
| 26:01 | Crear | Camel Scout |
| 26:02 | Crear | Camel Scout |
| 26:25 | Crear | Camel Scout ×3 |
| 26:31 | Construir | Pasture |
| 26:46 | Crear | Villager (Male) |
| 26:47 | Crear | Villager (Male) |
| 26:56 | Crear | Villager (Male) |
| 27:00 | Construir | Pasture |
| 27:02 | Construir | Pasture |
| 27:13 | Crear | Villager (Male) |
| 27:14 | Crear | Villager (Male) |
| 27:18 | Construir | Pasture |
| 27:20 | Construir | Pasture |
| 27:28 | Crear | Villager (Male) |
| 27:28 | Crear | Villager (Male) |
| 27:29 | Crear | Villager (Male) |
| 27:33 | Construir | Pasture |
| 27:36 | Construir | Lumber Camp |
| 27:55 | Investigar | Bow Saw |
| 27:56 | Crear | Villager (Male) |
| 28:05 | Crear | Camel Scout |
| 28:22 | Crear | Villager (Male) |
Build order — Richman
Primeras 150 de 507 acciones detectadas
| 0:00 | Crear | Villager (Male) |
| 0:01 | Crear | Villager (Male) |
| 0:01 | Crear | Villager (Male) |
| 0:02 | Construir | House |
| 0:04 | Construir | House |
| 0:24 | Crear | Villager (Male) |
| 0:24 | Crear | Villager (Male) |
| 1:35 | Crear | Villager (Male) |
| 1:48 | Construir | Lumber Camp |
| 1:52 | Crear | Villager (Male) |
| 1:52 | Crear | Villager (Male) |
| 2:24 | Crear | Villager (Male) |
| 2:24 | Crear | Villager (Male) |
| 3:13 | Crear | Villager (Male) |
| 3:13 | Crear | Villager (Male) |
| 3:29 | Crear | Villager (Male) |
| 3:29 | Crear | Villager (Male) |
| 3:30 | Construir | House |
| 3:52 | Crear | Villager (Male) |
| 3:52 | Crear | Villager (Male) |
| 4:15 | Construir | Mill |
| 4:57 | Crear | Villager (Male) |
| 5:15 | Crear | Villager (Male) |
| 5:15 | Crear | Villager (Male) |
| 5:15 | Crear | Villager (Male) |
| 5:16 | Crear | Villager (Male) |
| 5:29 | Construir | House |
| 5:40 | Crear | Villager (Male) |
| 6:16 | Crear | Villager (Male) |
| 6:45 | Investigar | Feudal Age |
| 7:15 | Construir | Barracks |
| 7:49 | Investigar | Loom |
| 8:18 | Construir | House |
| 8:55 | Edad | Edad Feudal |
| 9:06 | Construir | Stable |
| 9:08 | Construir | Palisade Wall |
| 9:10 | Construir | Palisade Wall |
| 9:11 | Construir | Palisade Wall |
| 9:14 | Crear | Villager (Male) |
| 9:19 | Investigar | Horse Collar |
| 9:20 | Investigar | Double-Bit Axe |
| 9:33 | Construir | House |
| 9:39 | Construir | House |
| 9:43 | Crear | Villager (Male) |
| 9:55 | Crear | Villager (Male) |
| 10:03 | Construir | Farm |
| 10:06 | Crear | Scout Cavalry |
| 10:08 | Crear | Scout Cavalry |
| 10:11 | Crear | Scout Cavalry |
| 10:17 | Construir | Farm |
| 10:47 | Construir | House |
| 11:01 | Crear | Villager (Male) |
| 11:11 | Construir | Farm |
| 11:14 | Construir | Farm |
| 11:16 | Construir | Farm |
| 11:37 | Crear | Villager (Male) |
| 11:42 | Construir | Farm |
| 11:46 | Crear | Villager (Male) |
| 11:51 | Construir | House |
| 12:16 | Crear | Villager (Male) |
| 12:40 | Construir | Mining Camp |
| 12:54 | Crear | Villager (Male) |
| 13:05 | Crear | Spearman |
| 13:05 | Crear | Spearman |
| 13:08 | Construir | House |
| 13:25 | Crear | Villager (Male) |
| 13:38 | Construir | Market |
| 13:53 | Construir | House |
| 13:54 | Crear | Villager (Male) |
| 14:01 | Construir | Farm |
| 14:05 | Crear | Villager (Male) |
| 14:42 | Construir | Blacksmith |
| 14:46 | Crear | Villager (Male) |
| 14:53 | Construir | House |
| 15:13 | Construir | Farm |
| 15:28 | Investigar | Castle Age |
| 15:32 | Construir | Lumber Camp |
| 15:59 | Crear | Villager (Male) |
| 16:03 | Construir | Farm |
| 16:05 | Construir | Farm |
| 16:45 | Investigar | Bloodlines |
| 16:46 | Construir | Stable |
| 16:54 | Construir | Farm |
| 16:58 | Construir | Farm |
| 17:20 | Investigar | Scale Barding Armor |
| 17:47 | Construir | Farm |
| 17:48 | Construir | Farm |
| 17:59 | Construir | House |
| 18:08 | Edad | Edad de los Castillos |
| 18:10 | Crear | Knight |
| 18:10 | Crear | Knight |
| 18:17 | Construir | Farm |
| 18:21 | Construir | Farm |
| 18:24 | Crear | Villager (Male) |
| 18:42 | Crear | Knight |
| 18:42 | Crear | Knight |
| 18:51 | Crear | Knight |
| 19:10 | Crear | Villager (Male) |
| 19:21 | Crear | Knight |
| 19:28 | Crear | Villager (Male) |
| 19:34 | Construir | Town Center |
| 19:43 | Crear | Knight |
| 19:43 | Crear | Knight |
| 20:02 | Crear | Villager (Male) |
| 20:25 | Crear | Knight |
| 20:28 | Crear | Villager (Male) |
| 20:44 | Crear | Knight |
| 20:46 | Crear | Villager (Male) |
| 20:49 | Crear | Villager (Male) |
| 20:49 | Crear | Villager (Male) |
| 21:01 | Crear | Villager (Male) |
| 21:04 | Construir | Town Center |
| 21:10 | Crear | Villager (Male) |
| 21:10 | Crear | Villager (Male) |
| 21:18 | Crear | Knight |
| 21:30 | Crear | Villager (Male) |
| 21:30 | Crear | Villager (Male) |
| 21:32 | Construir | Farm |
| 21:39 | Crear | Knight |
| 21:39 | Crear | Knight |
| 21:59 | Crear | Knight |
| 21:59 | Crear | Knight |
| 22:05 | Crear | Villager (Male) |
| 22:06 | Crear | Villager (Male) |
| 22:08 | Construir | Farm |
| 22:11 | Construir | Farm |
| 22:25 | Crear | Knight |
| 22:25 | Crear | Knight |
| 22:35 | Crear | Villager (Male) |
| 22:36 | Crear | Villager (Male) |
| 22:37 | Crear | Knight |
| 22:37 | Crear | Knight |
| 22:40 | Construir | Farm |
| 22:43 | Construir | Farm |
| 22:46 | Crear | Villager (Male) |
| 22:58 | Crear | Villager (Male) |
| 22:59 | Crear | Villager (Male) |
| 23:01 | Construir | House |
| 23:02 | Construir | House |
| 23:24 | Crear | Knight |
| 23:28 | Crear | Villager (Male) |
| 23:29 | Crear | Villager (Male) |
| 23:31 | Construir | Farm |
| 23:32 | Construir | Farm |
| 23:33 | Construir | Farm |
| 23:35 | Crear | Villager (Male) |
| 23:36 | Crear | Villager (Male) |
| 23:50 | Crear | Knight |
| 23:51 | Crear | Knight |
| 24:15 | Crear | Villager (Male) |
Build order — Element-Dy
Primeras 150 de 541 acciones detectadas
| 0:01 | Crear | Villager (Male) |
| 0:01 | Crear | Villager (Male) |
| 0:02 | Crear | Villager (Male) |
| 0:03 | Construir | House |
| 0:05 | Construir | House |
| 0:35 | Crear | Villager (Male) |
| 1:36 | Crear | Villager (Male) |
| 1:53 | Crear | Villager (Male) |
| 2:24 | Crear | Villager (Male) |
| 2:38 | Construir | Lumber Camp |
| 2:48 | Crear | Villager (Male) |
| 3:13 | Crear | Villager (Male) |
| 3:30 | Crear | Villager (Male) |
| 3:48 | Construir | House |
| 3:58 | Crear | Villager (Male) |
| 4:03 | Crear | Villager (Male) |
| 4:55 | Construir | Mill |
| 5:02 | Crear | Villager (Male) |
| 5:04 | Crear | Villager (Male) |
| 5:04 | Crear | Villager (Male) |
| 6:13 | Crear | Villager (Male) |
| 6:38 | Investigar | Feudal Age |
| 7:37 | Construir | House |
| 7:48 | Construir | Barracks |
| 8:08 | Crear | Villager (Male) |
| 8:16 | Construir | House |
| 8:52 | Edad | Edad Feudal |
| 8:58 | Construir | Stable |
| 9:15 | Crear | Villager (Male) |
| 9:18 | Investigar | Double-Bit Axe |
| 9:44 | Crear | Scout Cavalry |
| 9:48 | Crear | Villager (Male) |
| 9:56 | Crear | Villager (Male) |
| 10:00 | Construir | Farm |
| 10:01 | Construir | Farm |
| 10:06 | Crear | Scout Cavalry |
| 10:24 | Crear | Villager (Male) |
| 10:41 | Construir | Farm |
| 10:42 | Construir | Farm |
| 10:44 | Crear | Scout Cavalry |
| 10:54 | Crear | Villager (Male) |
| 10:56 | Construir | House |
| 10:57 | Construir | House |
| 11:04 | Crear | Scout Cavalry |
| 11:08 | Construir | Farm |
| 11:13 | Crear | Villager (Male) |
| 11:16 | Construir | Farm |
| 11:45 | Crear | Villager (Male) |
| 11:56 | Crear | Scout Cavalry |
| 12:09 | Construir | Farm |
| 12:11 | Construir | Farm |
| 12:14 | Construir | Farm |
| 12:16 | Construir | Farm |
| 12:28 | Crear | Villager (Male) |
| 12:41 | Crear | Villager (Male) |
| 12:43 | Crear | Scout Cavalry |
| 12:46 | Construir | Farm |
| 13:09 | Crear | Scout Cavalry |
| 13:10 | Crear | Villager (Male) |
| 13:16 | Construir | Mining Camp |
| 13:18 | Construir | Farm |
| 13:19 | Crear | Villager (Male) |
| 13:25 | Investigar | Wheelbarrow |
| 13:41 | Crear | Villager (Male) |
| 13:47 | Crear | Scout Cavalry |
| 14:10 | Construir | Blacksmith |
| 14:15 | Construir | House |
| 14:43 | Construir | Farm |
| 14:45 | Construir | Farm |
| 14:55 | Construir | House |
| 15:22 | Crear | Scout Cavalry |
| 15:23 | Crear | Villager (Male) |
| 15:53 | Crear | Villager (Male) |
| 16:40 | Crear | Villager (Male) |
| 16:46 | Construir | Farm |
| 16:47 | Construir | Farm |
| 16:48 | Construir | Farm |
| 17:08 | Investigar | Castle Age |
| 17:14 | Construir | Stable |
| 17:15 | Construir | House |
| 17:46 | Investigar | Scale Barding Armor |
| 17:57 | Construir | House |
| 18:10 | Investigar | Forging |
| 19:36 | Crear | Villager (Male) |
| 19:48 | Edad | Edad de los Castillos |
| 19:53 | Construir | Monastery |
| 19:57 | Investigar | Light Cavalry (upgrade) |
| 19:58 | Crear | Villager (Male) |
| 20:03 | Construir | Town Center |
| 20:05 | Crear | Knight |
| 20:06 | Investigar | Husbandry |
| 20:08 | Investigar | Chain Barding Armor |
| 20:36 | Crear | Villager (Male) |
| 20:40 | Construir | Town Center |
| 20:42 | Crear | Villager (Male) |
| 20:53 | Crear | Knight |
| 20:53 | Crear | Knight |
| 21:06 | Crear | Villager (Male) |
| 21:09 | Crear | Knight |
| 21:11 | Crear | Villager (Male) |
| 21:20 | Investigar | Hand Cart |
| 21:43 | Crear | Villager (Male) |
| 21:47 | Construir | Lumber Camp |
| 22:00 | Crear | Villager (Male) |
| 22:09 | Crear | Villager (Male) |
| 22:15 | Crear | Villager (Male) |
| 22:15 | Crear | Villager (Male) |
| 22:16 | Crear | Villager (Male) |
| 22:28 | Crear | Monk |
| 22:29 | Crear | Knight |
| 22:30 | Crear | Knight |
| 22:30 | Crear | Villager (Male) |
| 22:41 | Construir | Farm |
| 22:42 | Crear | Villager (Male) |
| 22:48 | Construir | House |
| 22:50 | Crear | Knight |
| 23:05 | Construir | Farm |
| 23:06 | Crear | Villager (Male) |
| 23:09 | Crear | Villager (Male) |
| 23:10 | Crear | Villager (Male) |
| 23:14 | Construir | Farm |
| 23:15 | Crear | Villager (Male) |
| 23:30 | Crear | Villager (Male) |
| 23:32 | Crear | Knight |
| 23:42 | Crear | Villager (Male) |
| 23:46 | Construir | House |
| 23:57 | Crear | Knight |
| 23:58 | Crear | Villager (Male) |
| 24:11 | Crear | Villager (Male) |
| 24:11 | Crear | Villager (Male) |
| 24:13 | Construir | Farm |
| 24:17 | Construir | Farm |
| 24:18 | Construir | Farm |
| 24:20 | Construir | Farm |
| 24:21 | Crear | Villager (Male) |
| 24:24 | Construir | House |
| 24:25 | Construir | House |
| 24:27 | Crear | Villager (Male) |
| 24:44 | Crear | Villager (Male) |
| 24:45 | Crear | Villager (Male) |
| 24:45 | Crear | Villager (Male) |
| 24:45 | Crear | Villager (Male) |
| 24:50 | Crear | Villager (Male) |
| 24:53 | Construir | Farm |
| 24:55 | Construir | Farm |
| 24:57 | Construir | Farm |
| 25:01 | Construir | Farm |
| 25:02 | Crear | Villager (Male) |
| 25:02 | Crear | Villager (Male) |
| 25:02 | Crear | Villager (Male) |
Build order — SlyFever
Primeras 150 de 442 acciones detectadas
| 0:01 | Crear | Villager (Male) |
| 0:06 | Construir | House |
| 0:10 | Crear | Villager (Male) |
| 0:10 | Crear | Villager (Male) |
| 0:38 | Crear | Villager (Male) |
| 0:38 | Crear | Villager (Male) |
| 1:31 | Construir | House |
| 1:35 | Crear | Villager (Male) |
| 1:36 | Crear | Villager (Male) |
| 1:55 | Construir | Lumber Camp |
| 2:10 | Construir | House |
| 2:14 | Crear | Villager (Male) |
| 2:15 | Crear | Villager (Male) |
| 2:46 | Crear | Villager (Male) |
| 2:46 | Crear | Villager (Male) |
| 3:05 | Crear | Villager (Male) |
| 3:35 | Crear | Villager (Male) |
| 3:36 | Crear | Villager (Male) |
| 3:56 | Crear | Villager (Male) |
| 3:56 | Crear | Villager (Male) |
| 4:24 | Crear | Villager (Male) |
| 4:24 | Crear | Villager (Male) |
| 4:51 | Crear | Villager (Male) |
| 5:14 | Crear | Villager (Male) |
| 5:28 | Construir | Mill |
| 5:43 | Crear | Villager (Male) |
| 6:06 | Construir | House |
| 6:16 | Crear | Villager (Male) |
| 6:16 | Crear | Villager (Male) |
| 6:47 | Construir | Palisade Wall |
| 6:48 | Construir | Palisade Wall |
| 6:49 | Construir | Palisade Wall |
| 6:50 | Construir | Palisade Wall |
| 7:07 | Investigar | Loom |
| 7:13 | Crear | Villager (Male) |
| 7:21 | Construir | Palisade Wall |
| 7:23 | Construir | Palisade Wall |
| 7:38 | Crear | Villager (Male) |
| 7:57 | Construir | Palisade Wall |
| 7:59 | Construir | Palisade Wall |
| 8:08 | Construir | Palisade Wall |
| 8:13 | Construir | Palisade Wall |
| 8:19 | Investigar | Feudal Age |
| 8:19 | Investigar | Feudal Age |
| 8:43 | Construir | Palisade Wall |
| 9:16 | Construir | Palisade Wall |
| 9:20 | Construir | Palisade Wall |
| 9:21 | Construir | Palisade Wall |
| 9:55 | Crear | Villager (Male) |
| 9:56 | Crear | Villager (Male) |
| 10:00 | Construir | Palisade Wall |
| 10:14 | Construir | House |
| 10:27 | Construir | Palisade Wall |
| 10:29 | Construir | Palisade Wall |
| 10:32 | Edad | Edad Feudal |
| 10:34 | Crear | Villager (Male) |
| 10:39 | Construir | Blacksmith |
| 11:13 | Construir | Mining Camp |
| 11:29 | Construir | Palisade Wall |
| 11:30 | Construir | Palisade Wall |
| 11:34 | Construir | Palisade Wall |
| 11:35 | Construir | Palisade Wall |
| 11:56 | Crear | Villager (Male) |
| 12:01 | Construir | House |
| 12:16 | Crear | Villager (Male) |
| 12:38 | Construir | Palisade Wall |
| 12:38 | Construir | Palisade Wall |
| 12:42 | Construir | Palisade Wall |
| 12:45 | Crear | Villager (Male) |
| 13:09 | Construir | Palisade Wall |
| 13:10 | Construir | Palisade Wall |
| 13:11 | Construir | Palisade Wall |
| 13:15 | Construir | Market |
| 13:21 | Crear | Villager (Male) |
| 13:54 | Construir | Mining Camp |
| 14:00 | Construir | Mining Camp |
| 14:14 | Construir | House |
| 14:15 | Investigar | Castle Age |
| 14:16 | Investigar | Castle Age |
| 14:37 | Construir | Barracks |
| 14:46 | Construir | House |
| 14:58 | Construir | Farm |
| 15:01 | Construir | Farm |
| 15:21 | Construir | Palisade Wall |
| 15:22 | Construir | Palisade Wall |
| 15:23 | Construir | Palisade Wall |
| 15:38 | Investigar | Horse Collar |
| 15:39 | Investigar | Horse Collar |
| 16:05 | Construir | Farm |
| 16:09 | Investigar | Double-Bit Axe |
| 16:09 | Investigar | Double-Bit Axe |
| 16:27 | Construir | Farm |
| 16:52 | Crear | Villager (Male) |
| 16:55 | Edad | Edad de los Castillos |
| 17:08 | Construir | Town Center |
| 17:15 | Investigar | Town Watch |
| 17:22 | Construir | Farm |
| 17:26 | Construir | Farm |
| 17:55 | Crear | Villager (Male) |
| 18:15 | Construir | Palisade Wall |
| 18:26 | Crear | Villager (Male) |
| 18:34 | Construir | Siege Workshop |
| 18:43 | Crear | Villager (Male) |
| 18:45 | Construir | Farm |
| 19:08 | Crear | Villager (Male) |
| 19:22 | Crear | Villager (Male) |
| 19:36 | Construir | Farm |
| 19:38 | Crear | Villager (Male) |
| 19:43 | Construir | Castle |
| 19:55 | Construir | Stone Wall |
| 19:57 | Crear | Scorpion |
| 20:00 | Crear | Mangonel |
| 20:03 | Crear | Villager (Male) |
| 20:06 | Construir | Farm |
| 20:19 | Construir | Stone Wall |
| 20:36 | Crear | Villager (Male) |
| 21:16 | Crear | Scorpion |
| 21:19 | Crear | Villager (Male) |
| 21:19 | Crear | Villager (Male) |
| 21:25 | Crear | Villager (Male) |
| 21:36 | Crear | Villager (Male) |
| 22:03 | Crear | Scorpion |
| 22:11 | Crear | Villager (Male) |
| 22:14 | Crear | Villager (Male) |
| 22:20 | Crear | Villager (Male) |
| 22:31 | Construir | Town Center |
| 22:42 | Crear | Villager (Male) |
| 22:47 | Crear | Villager (Male) |
| 22:47 | Crear | Villager (Male) |
| 22:52 | Crear | Camel Archer |
| 22:52 | Crear | Camel Archer |
| 23:08 | Construir | Mining Camp |
| 23:18 | Crear | Villager (Male) |
| 23:24 | Crear | Camel Archer |
| 23:24 | Crear | Camel Archer |
| 23:32 | Crear | Villager (Male) |
| 23:32 | Crear | Villager (Male) |
| 23:36 | Construir | Farm |
| 23:43 | Construir | Lumber Camp |
| 23:45 | Crear | Villager (Male) |
| 23:57 | Crear | Villager (Male) |
| 23:59 | Construir | Farm |
| 24:05 | Construir | House |
| 24:06 | Construir | House |
| 24:12 | Crear | Camel Archer |
| 24:20 | Crear | Villager (Male) |
| 24:31 | Crear | Camel Archer |
| 24:43 | Construir | Farm |
| 24:45 | Construir | Farm |
| 24:51 | Crear | Villager (Male) |
Build order — PNLN | maromba_aoe
Primeras 150 de 460 acciones detectadas
| 0:02 | Crear | Villager (Male) ×4 |
| 0:04 | Construir | House |
| 0:05 | Construir | House |
| 1:37 | Crear | Villager (Male) |
| 1:37 | Crear | Villager (Male) |
| 1:48 | Construir | Lumber Camp |
| 1:58 | Crear | Villager (Male) |
| 1:58 | Crear | Villager (Male) |
| 2:23 | Crear | Villager (Male) |
| 2:23 | Crear | Villager (Male) |
| 3:05 | Crear | Villager (Male) |
| 3:05 | Crear | Villager (Male) |
| 3:24 | Crear | Villager (Male) |
| 3:25 | Crear | Villager (Male) |
| 3:25 | Crear | Villager (Male) |
| 3:37 | Construir | House |
| 3:39 | Construir | House |
| 4:08 | Crear | Villager (Male) |
| 4:08 | Crear | Villager (Male) |
| 4:15 | Construir | Mill |
| 4:57 | Crear | Villager (Male) |
| 4:57 | Crear | Villager (Male) |
| 4:57 | Crear | Villager (Male) |
| 5:27 | Crear | Villager (Male) |
| 5:27 | Crear | Villager (Male) |
| 6:10 | Crear | Villager (Male) |
| 6:31 | Crear | Villager (Male) |
| 6:32 | Crear | Villager (Male) |
| 6:47 | Crear | Villager (Male) |
| 7:08 | Construir | Mining Camp |
| 7:17 | Crear | Villager (Male) |
| 8:08 | Investigar | Feudal Age |
| 8:53 | Crear | Villager (Male) |
| 8:54 | Crear | Villager (Male) |
| 9:17 | Construir | Farm |
| 9:20 | Construir | Farm |
| 9:26 | Construir | Farm |
| 10:27 | Edad | Edad Feudal |
| 10:35 | Construir | Market |
| 10:40 | Construir | Blacksmith |
| 11:24 | Crear | Villager (Male) |
| 11:36 | Investigar | Castle Age |
| 11:50 | Construir | Farm |
| 11:54 | Construir | Farm |
| 12:10 | Investigar | Double-Bit Axe |
| 12:13 | Investigar | Horse Collar |
| 12:29 | Construir | House |
| 12:30 | Construir | House |
| 12:50 | Crear | Villager (Male) |
| 13:55 | Construir | House |
| 14:16 | Edad | Edad de los Castillos |
| 14:20 | Construir | Town Center |
| 14:21 | Investigar | Bow Saw |
| 14:28 | Construir | House |
| 14:42 | Crear | Villager (Male) |
| 14:44 | Crear | Villager (Male) |
| 14:49 | Construir | Farm |
| 14:51 | Construir | Farm |
| 14:53 | Construir | Farm |
| 14:57 | Crear | Villager (Male) |
| 15:03 | Construir | House |
| 15:16 | Construir | Farm |
| 15:28 | Construir | House |
| 15:31 | Crear | Villager (Male) |
| 15:34 | Crear | Villager (Male) |
| 15:34 | Crear | Villager (Male) |
| 15:34 | Crear | Villager (Male) |
| 15:43 | Construir | Farm |
| 15:48 | Construir | Farm |
| 16:04 | Crear | Villager (Male) |
| 16:09 | Construir | Farm |
| 16:12 | Construir | Farm |
| 16:16 | Construir | House |
| 16:19 | Crear | Villager (Male) |
| 16:25 | Construir | Farm |
| 16:32 | Construir | Farm |
| 16:35 | Crear | Villager (Male) |
| 16:35 | Crear | Villager (Male) |
| 16:49 | Construir | Monastery |
| 16:51 | Crear | Villager (Male) |
| 16:51 | Crear | Villager (Male) |
| 16:59 | Construir | Farm |
| 17:08 | Construir | Farm |
| 17:20 | Crear | Villager (Male) |
| 17:22 | Crear | Villager (Male) |
| 17:23 | Crear | Villager (Male) |
| 17:29 | Construir | House |
| 17:39 | Crear | Monk |
| 17:41 | Crear | Villager (Male) |
| 17:41 | Crear | Villager (Male) |
| 17:41 | Crear | Villager (Male) |
| 17:53 | Construir | Town Center |
| 17:56 | Crear | Villager (Male) |
| 18:02 | Construir | Farm |
| 18:05 | Construir | Farm |
| 18:07 | Crear | Villager (Male) |
| 18:09 | Construir | House |
| 18:11 | Construir | House |
| 18:14 | Construir | House |
| 18:23 | Crear | Villager (Male) |
| 18:26 | Crear | Villager (Male) |
| 18:54 | Investigar | Wheelbarrow |
| 19:01 | Construir | Farm |
| 19:06 | Construir | Farm |
| 19:08 | Construir | Farm |
| 19:13 | Construir | House |
| 19:14 | Crear | Villager (Male) |
| 19:16 | Crear | Villager (Male) |
| 19:23 | Crear | Monk |
| 19:33 | Crear | Villager (Male) |
| 19:34 | Crear | Villager (Male) |
| 19:35 | Crear | Villager (Male) |
| 19:35 | Crear | Villager (Male) |
| 19:35 | Crear | Villager (Male) |
| 19:40 | Construir | Farm |
| 19:40 | Construir | Farm |
| 19:40 | Construir | Farm |
| 19:41 | Construir | Farm |
| 19:41 | Construir | Farm |
| 19:41 | Construir | Farm |
| 19:41 | Construir | Farm |
| 19:41 | Construir | Farm |
| 19:48 | Crear | Villager (Male) |
| 19:48 | Crear | Villager (Male) |
| 19:48 | Crear | Villager (Male) |
| 19:53 | Crear | Villager (Male) |
| 19:53 | Crear | Villager (Male) |
| 20:13 | Crear | Villager (Male) |
| 20:13 | Crear | Villager (Male) |
| 20:14 | Crear | Villager (Male) |
| 20:16 | Construir | Farm |
| 20:18 | Construir | Farm |
| 20:27 | Construir | House |
| 20:28 | Construir | House |
| 20:29 | Construir | House |
| 20:32 | Crear | Villager (Male) |
| 20:33 | Crear | Villager (Male) |
| 20:33 | Crear | Villager (Male) |
| 20:33 | Crear | Villager (Male) |
| 20:40 | Construir | Farm |
| 20:43 | Construir | Farm |
| 21:05 | Crear | Villager (Male) |
| 21:05 | Crear | Villager (Male) |
| 21:16 | Construir | Mill |
| 21:18 | Construir | Farm |
| 21:23 | Crear | Villager (Male) |
| 21:23 | Crear | Villager (Male) |
| 21:42 | Crear | Villager (Male) |
| 21:42 | Crear | Villager (Male) |
| 21:59 | Construir | Lumber Camp |
Build order — 种田人口才是基本盘
Primeras 150 de 695 acciones detectadas
| 0:02 | Crear | Villager (Male) |
| 0:03 | Crear | Villager (Male) |
| 0:03 | Crear | Villager (Male) |
| 0:03 | Crear | Villager (Male) |
| 0:04 | Construir | House |
| 0:06 | Construir | House |
| 1:34 | Crear | Villager (Male) |
| 1:34 | Crear | Villager (Male) |
| 1:48 | Construir | Lumber Camp |
| 1:59 | Crear | Villager (Male) |
| 2:00 | Crear | Villager (Male) |
| 2:19 | Crear | Villager (Male) |
| 2:20 | Crear | Villager (Male) |
| 2:55 | Crear | Villager (Male) |
| 2:55 | Crear | Villager (Male) |
| 3:26 | Construir | House |
| 3:34 | Crear | Villager (Male) |
| 3:34 | Crear | Villager (Male) |
| 3:58 | Crear | Villager (Male) |
| 4:10 | Construir | Mill |
| 4:24 | Crear | Villager (Male) |
| 4:55 | Crear | Villager (Male) |
| 4:56 | Crear | Villager (Male) |
| 5:07 | Construir | House |
| 5:20 | Crear | Villager (Male) |
| 6:05 | Crear | Villager (Male) |
| 6:46 | Crear | Villager (Male) |
| 6:46 | Crear | Villager (Male) |
| 7:14 | Crear | Villager (Male) |
| 7:39 | Construir | Mining Camp |
| 7:57 | Investigar | Feudal Age |
| 7:57 | Investigar | Feudal Age |
| 8:11 | Crear | Villager (Male) |
| 9:04 | Crear | Villager (Male) |
| 9:42 | Investigar | Loom |
| 10:11 | Edad | Edad Feudal |
| 10:14 | Construir | Market |
| 10:16 | Construir | Blacksmith |
| 11:17 | Construir | House |
| 11:23 | Investigar | Castle Age |
| 11:23 | Investigar | Castle Age |
| 11:35 | Investigar | Double-Bit Axe |
| 11:35 | Investigar | Double-Bit Axe |
| 12:24 | Construir | Lumber Camp |
| 12:42 | Construir | House |
| 13:13 | Investigar | Horse Collar |
| 13:13 | Investigar | Horse Collar |
| 13:47 | Construir | House |
| 13:54 | Crear | Villager (Male) |
| 13:55 | Crear | Villager (Male) |
| 14:06 | Edad | Edad de los Castillos |
| 14:11 | Construir | Town Center |
| 14:19 | Construir | Town Center |
| 14:27 | Construir | Farm |
| 14:36 | Construir | Farm |
| 14:41 | Crear | Villager (Male) |
| 14:59 | Construir | Farm |
| 15:03 | Crear | Villager (Male) |
| 15:28 | Crear | Villager (Male) |
| 15:30 | Construir | Farm |
| 15:34 | Crear | Villager (Male) |
| 15:35 | Construir | Farm |
| 15:37 | Construir | Farm |
| 15:39 | Crear | Villager (Male) |
| 15:41 | Construir | Farm |
| 15:48 | Crear | Villager (Male) |
| 15:55 | Crear | Villager (Male) |
| 16:00 | Construir | Farm |
| 16:01 | Crear | Villager (Male) |
| 16:11 | Construir | Farm |
| 16:18 | Crear | Villager (Male) |
| 16:20 | Construir | House |
| 16:23 | Crear | Villager (Male) |
| 16:27 | Construir | Farm |
| 16:30 | Construir | Farm |
| 16:37 | Crear | Villager (Male) |
| 16:39 | Construir | Farm |
| 16:41 | Crear | Villager (Male) |
| 16:45 | Crear | Villager (Male) |
| 16:57 | Construir | House |
| 17:10 | Crear | Villager (Male) |
| 17:11 | Crear | Villager (Male) |
| 17:20 | Construir | Farm |
| 17:23 | Construir | Farm |
| 17:26 | Crear | Villager (Male) |
| 17:27 | Crear | Villager (Male) |
| 17:34 | Construir | Farm |
| 17:35 | Construir | Farm |
| 17:39 | Construir | House |
| 17:43 | Crear | Villager (Male) |
| 17:43 | Crear | Villager (Male) |
| 17:57 | Crear | Villager (Male) |
| 17:58 | Crear | Villager (Male) |
| 18:11 | Construir | Town Center |
| 18:18 | Crear | Villager (Male) |
| 18:18 | Crear | Villager (Male) |
| 18:20 | Construir | House |
| 18:21 | Construir | House |
| 18:26 | Crear | Villager (Male) |
| 18:26 | Crear | Villager (Male) |
| 18:28 | Construir | Farm |
| 18:35 | Construir | Farm |
| 18:39 | Crear | Villager (Male) |
| 18:42 | Crear | Villager (Male) |
| 18:55 | Crear | Villager (Male) |
| 18:55 | Crear | Villager (Male) |
| 19:02 | Construir | House |
| 19:05 | Crear | Villager (Male) |
| 19:09 | Crear | Villager (Male) |
| 19:33 | Crear | Villager (Male) |
| 19:37 | Crear | Villager (Male) |
| 19:38 | Crear | Villager (Male) |
| 19:41 | Construir | Farm |
| 19:41 | Construir | Farm |
| 19:41 | Construir | Farm |
| 19:48 | Construir | Barracks |
| 19:51 | Crear | Villager (Male) |
| 19:52 | Crear | Villager (Male) |
| 19:56 | Construir | Farm |
| 19:57 | Construir | Farm |
| 19:59 | Construir | House |
| 20:00 | Construir | House |
| 20:03 | Crear | Villager (Male) |
| 20:04 | Crear | Villager (Male) |
| 20:07 | Construir | Farm |
| 20:10 | Crear | Villager (Male) |
| 20:16 | Crear | Villager (Male) |
| 20:25 | Construir | Farm |
| 20:28 | Crear | Villager (Male) |
| 20:31 | Crear | Villager (Male) |
| 20:31 | Crear | Villager (Male) |
| 20:44 | Construir | Archery Range |
| 20:47 | Crear | Villager (Male) |
| 20:49 | Crear | Villager (Male) |
| 20:57 | Investigar | Wheelbarrow |
| 20:57 | Investigar | Wheelbarrow |
| 21:00 | Crear | Villager (Male) |
| 21:00 | Crear | Villager (Male) |
| 21:08 | Construir | University |
| 21:10 | Crear | Villager (Male) |
| 21:16 | Crear | Villager (Male) |
| 21:19 | Construir | House |
| 21:20 | Construir | House |
| 21:22 | Crear | Villager (Male) |
| 21:24 | Crear | Villager (Male) |
| 21:27 | Construir | Farm |
| 21:28 | Construir | Farm |
| 21:31 | Crear | Villager (Male) |
| 21:37 | Construir | Archery Range |
| 21:39 | Crear | Genitour |
Build order — Karoliusw06
Primeras 150 de 546 acciones detectadas
| 0:02 | Crear | Villager (Male) |
| 0:02 | Crear | Villager (Male) |
| 0:03 | Construir | House |
| 0:04 | Construir | House |
| 0:30 | Crear | Villager (Male) |
| 0:30 | Crear | Villager (Male) |
| 1:24 | Crear | Villager (Male) |
| 1:24 | Crear | Villager (Male) |
| 1:51 | Construir | Lumber Camp |
| 1:58 | Crear | Villager (Male) |
| 1:58 | Crear | Villager (Male) |
| 2:25 | Crear | Villager (Male) |
| 2:33 | Crear | Villager (Male) |
| 3:13 | Crear | Villager (Male) |
| 3:39 | Crear | Villager (Male) |
| 3:54 | Construir | House |
| 4:12 | Crear | Villager (Male) |
| 4:13 | Crear | Villager (Male) |
| 4:13 | Crear | Villager (Male) |
| 4:43 | Crear | Villager (Male) |
| 4:46 | Construir | Mill |
| 4:48 | Crear | Villager (Male) |
| 4:50 | Crear | Villager (Male) |
| 5:25 | Construir | House |
| 5:38 | Crear | Villager (Male) |
| 5:38 | Crear | Villager (Male) |
| 5:39 | Crear | Villager (Male) |
| 6:24 | Crear | Villager (Male) |
| 6:25 | Crear | Villager (Male) |
| 6:35 | Construir | Farm |
| 7:21 | Construir | Farm |
| 7:26 | Crear | Villager (Male) |
| 7:41 | Construir | Farm |
| 7:57 | Construir | Farm |
| 8:03 | Crear | Villager (Male) |
| 8:03 | Crear | Villager (Male) |
| 8:08 | Construir | House |
| 8:35 | Investigar | Feudal Age |
| 9:08 | Construir | Mining Camp |
| 9:36 | Crear | Villager (Male) |
| 9:37 | Crear | Villager (Male) |
| 11:23 | Edad | Edad Feudal |
| 11:25 | Construir | Market |
| 11:29 | Construir | Blacksmith |
| 11:54 | Investigar | Double-Bit Axe |
| 11:59 | Investigar | Horse Collar |
| 12:16 | Investigar | Castle Age |
| 12:36 | Construir | House |
| 13:37 | Construir | Barracks |
| 14:13 | Investigar | Fletching |
| 14:27 | Construir | Archery Range |
| 14:34 | Construir | Archery Range |
| 14:42 | Crear | Villager (Male) |
| 14:56 | Edad | Edad de los Castillos |
| 14:57 | Construir | Farm |
| 15:02 | Construir | Farm |
| 15:04 | Crear | Villager (Male) |
| 15:19 | Construir | Farm |
| 15:24 | Construir | Farm |
| 15:32 | Crear | Elephant Archer |
| 15:33 | Crear | Elephant Archer |
| 15:36 | Crear | Villager (Male) |
| 15:38 | Construir | Farm |
| 15:40 | Construir | Farm |
| 15:43 | Construir | Farm |
| 15:46 | Construir | Farm |
| 15:51 | Construir | Farm |
| 15:52 | Investigar | Bow Saw |
| 15:55 | Construir | Farm |
| 15:57 | Construir | Farm |
| 16:01 | Crear | Elephant Archer |
| 16:05 | Crear | Villager (Male) |
| 16:11 | Construir | Farm |
| 16:18 | Construir | House |
| 16:20 | Construir | House |
| 16:24 | Construir | House |
| 16:43 | Crear | Villager (Male) |
| 16:43 | Crear | Villager (Male) |
| 16:51 | Crear | Elephant Archer |
| 16:57 | Investigar | Gold Mining |
| 17:00 | Crear | Elephant Archer |
| 17:13 | Crear | Villager (Male) |
| 17:24 | Crear | Villager (Male) |
| 17:49 | Crear | Elephant Archer |
| 17:54 | Crear | Villager (Male) |
| 17:58 | Construir | Farm |
| 18:26 | Crear | Elephant Archer |
| 18:26 | Crear | Elephant Archer |
| 18:38 | Crear | Elephant Archer |
| 18:55 | Crear | Villager (Male) |
| 18:55 | Crear | Villager (Male) |
| 18:59 | Investigar | Loom |
| 19:00 | Investigar | Wheelbarrow |
| 19:26 | Crear | Elephant Archer |
| 19:27 | Crear | Elephant Archer |
| 19:32 | Crear | Villager (Male) |
| 19:37 | Crear | Elephant Archer |
| 19:53 | Construir | Town Center |
| 20:08 | Construir | Siege Workshop |
| 20:40 | Crear | Villager (Male) |
| 20:42 | Crear | Elephant Archer |
| 20:42 | Crear | Elephant Archer |
| 21:05 | Crear | Mangonel |
| 21:08 | Construir | House |
| 21:28 | Crear | Villager (Male) |
| 22:20 | Crear | Armored Elephant |
| 22:21 | Crear | Armored Elephant |
| 22:26 | Crear | Villager (Male) |
| 22:28 | Crear | Skirmisher |
| 22:28 | Crear | Skirmisher |
| 22:29 | Crear | Villager (Male) |
| 22:29 | Crear | Villager (Male) |
| 22:33 | Construir | Farm |
| 22:33 | Construir | Farm |
| 22:40 | Construir | Monastery |
| 22:42 | Crear | Villager (Male) |
| 22:46 | Crear | Villager (Male) |
| 22:54 | Crear | Villager (Male) |
| 22:56 | Crear | Elephant Archer |
| 22:57 | Crear | Elephant Archer |
| 22:58 | Crear | Elephant Archer |
| 22:59 | Crear | Elephant Archer |
| 23:03 | Investigar | Bodkin Arrow |
| 23:24 | Crear | Monk |
| 23:26 | Construir | House |
| 23:27 | Construir | House |
| 23:29 | Crear | Armored Elephant |
| 23:31 | Crear | Villager (Male) |
| 23:32 | Construir | House |
| 23:43 | Construir | Farm |
| 23:48 | Construir | Farm |
| 23:53 | Crear | Villager (Male) |
| 23:55 | Crear | Elephant Archer |
| 23:56 | Crear | Elephant Archer |
| 23:57 | Crear | Elephant Archer |
| 24:02 | Construir | Farm |
| 24:08 | Construir | Farm |
| 24:14 | Crear | Monk |
| 24:17 | Crear | Elephant Archer |
| 24:34 | Crear | Armored Elephant |
| 24:36 | Crear | Villager (Male) |
| 24:36 | Crear | Villager (Male) |
| 24:39 | Crear | Villager (Male) |
| 24:46 | Construir | House |
| 24:47 | Construir | House |
| 24:52 | Crear | Elephant Archer |
| 25:00 | Crear | Villager (Male) |
| 25:06 | Construir | Farm |
| 25:09 | Construir | Farm |
| 25:11 | Crear | Villager (Male) |
Cronología de la partida
| 3:57 | konstid · wall_segment Palisade Wall x1 |
| 6:47 | SlyFever · wall_segment Palisade Wall x1 |
| 6:48 | SlyFever · wall_segment Palisade Wall x1 |
| 6:49 | SlyFever · wall_segment Palisade Wall x1 |
| 6:50 | SlyFever · wall_segment Palisade Wall x1 |
| 7:15 | Richman · first_building Barracks |
| 7:21 | SlyFever · wall_segment Palisade Wall x1 |
| 7:23 | SlyFever · wall_segment Palisade Wall x24 |
| 7:48 | konstid · first_building Barracks |
| 7:48 | Element-Dy · first_building Barracks |
| 7:57 | SlyFever · wall_segment Palisade Wall x1 |
| 7:59 | SlyFever · wall_segment Palisade Wall x9 |
| 8:08 | SlyFever · wall_segment Palisade Wall x6 |
| 8:13 | SlyFever · wall_segment Palisade Wall x7 |
| 8:36 | 抖音帝国阿飞 · age_up feudal |
| 8:43 | SlyFever · wall_segment Palisade Wall x1 |
| 8:52 | Element-Dy · age_up feudal |
| 8:55 | Richman · age_up feudal |
| 8:58 | Element-Dy · first_building Stable |
| 9:06 | Richman · first_building Stable |
| 9:08 | Richman · wall_segment Palisade Wall x1 |
| 9:10 | Richman · wall_segment Palisade Wall x1 |
| 9:11 | Richman · wall_segment Palisade Wall x1 |
| 9:16 | SlyFever · wall_segment Palisade Wall x1 |
| 9:19 | konstid · age_up feudal |
| 9:20 | konstid · wall_segment Palisade Wall x7 |
| 9:20 | SlyFever · wall_segment Palisade Wall x3 |
| 9:21 | SlyFever · wall_segment Palisade Wall x11 |
| 9:51 | konstid · first_building Archery Range |
| 10:00 | SlyFever · wall_segment Palisade Wall x10 |
| 10:11 | 种田人口才是基本盘 · age_up feudal |
| 10:15 | konstid · first_market_sell 100 stone |
| 10:17 | konstid · first_market_buy 100 food |
| 10:27 | PNLN | maromba_aoe · age_up feudal |
| 10:27 | SlyFever · wall_segment Palisade Wall x1 |
| 10:29 | SlyFever · wall_segment Palisade Wall x8 |
| 10:32 | SlyFever · age_up feudal |
| 11:23 | Karoliusw06 · age_up feudal |
| 11:29 | SlyFever · wall_segment Palisade Wall x1 |
| 11:30 | SlyFever · wall_segment Palisade Wall x8 |
| 11:34 | SlyFever · wall_segment Palisade Wall x1 |
| 11:35 | SlyFever · wall_segment Palisade Wall x10 |
| 11:54 | konstid · wall_segment Palisade Wall x11 |
| 12:22 | konstid · wall_segment Palisade Wall x1 |
| 12:28 | konstid · wall_segment Palisade Wall x1 |
| 12:34 | konstid · wall_segment Palisade Wall x1 |
| 12:38 | SlyFever · wall_segment Palisade Wall x12 |
| 12:38 | SlyFever · wall_segment Palisade Wall x1 |
| 12:42 | SlyFever · wall_segment Palisade Wall x6 |
| 13:09 | SlyFever · wall_segment Palisade Wall x1 |
| 13:10 | SlyFever · wall_segment Palisade Wall x1 |
| 13:11 | SlyFever · wall_segment Palisade Wall x1 |
| 13:37 | Karoliusw06 · first_building Barracks |
| 14:06 | 种田人口才是基本盘 · age_up castle |
| 14:16 | PNLN | maromba_aoe · age_up castle |
| 14:19 | konstid · age_up castle |
| 14:27 | Karoliusw06 · first_building Archery Range |
| 14:37 | SlyFever · first_building Barracks |
| 14:46 | 种田人口才是基本盘 · first_market_buy 100 food |
| 14:56 | Karoliusw06 · age_up castle |
| 15:07 | konstid · first_building Siege Workshop |
| 15:21 | SlyFever · wall_segment Palisade Wall x1 |
| 15:22 | SlyFever · wall_segment Palisade Wall x1 |
| 15:23 | SlyFever · wall_segment Palisade Wall x1 |
| 16:49 | PNLN | maromba_aoe · first_building Monastery |
| 16:55 | SlyFever · age_up castle |
| 17:00 | SlyFever · first_market_buy 100 wood |
| 17:02 | 抖音帝国阿飞 · first_building Barracks |
| 18:08 | Richman · age_up castle |
| 18:15 | SlyFever · wall_segment Palisade Wall x1 |
| 18:34 | SlyFever · first_building Siege Workshop |
| 18:57 | konstid · wall_segment Palisade Wall x1 |
| 19:01 | 抖音帝国阿飞 · first_building Stable |
| 19:43 | SlyFever · first_building Castle |
| 19:48 | Element-Dy · age_up castle |
| 19:48 | 种田人口才是基本盘 · first_building Barracks |
| 19:53 | Element-Dy · first_building Monastery |
| 19:55 | SlyFever · wall_segment Stone Wall x1 |
| 20:08 | Karoliusw06 · first_building Siege Workshop |
| 20:09 | 抖音帝国阿飞 · wall_segment Stone Wall x1 |
| 20:16 | 抖音帝国阿飞 · wall_segment Stone Wall x1 |
| 20:18 | 抖音帝国阿飞 · wall_segment Stone Wall x1 |
| 20:19 | SlyFever · wall_segment Stone Wall x1 |
| 20:38 | 抖音帝国阿飞 · wall_segment Stone Wall x1 |
| 20:44 | 种田人口才是基本盘 · first_building Archery Range |
| 20:53 | 种田人口才是基本盘 · first_market_sell 100 wood |
| 20:54 | 抖音帝国阿飞 · wall_segment Stone Wall x1 |
| 20:56 | 抖音帝国阿飞 · wall_segment Stone Wall x1 |
| 21:05 | konstid · first_building Monastery |
| 21:10 | konstid · wall_segment Palisade Wall x4 |
| 21:16 | konstid · wall_segment Palisade Wall x1 |
| 21:33 | 抖音帝国阿飞 · wall_segment Stone Wall x1 |
| 21:39 | 抖音帝国阿飞 · wall_segment Stone Wall x1 |
| 21:43 | 抖音帝国阿飞 · wall_segment Stone Wall x1 |
| 21:57 | 抖音帝国阿飞 · wall_segment Stone Wall x1 |
| 22:31 | 抖音帝国阿飞 · wall_segment Stone Wall x1 |
| 22:40 | Karoliusw06 · first_building Monastery |
| 22:43 | 抖音帝国阿飞 · age_up castle |
| 24:34 | 种田人口才是基本盘 · first_building Monastery |
| 25:13 | SlyFever · first_building Monastery |
| 25:16 | PNLN | maromba_aoe · first_building Castle |
| 25:32 | PNLN | maromba_aoe · first_building Barracks |
| 26:24 | SlyFever · wall_segment Stone Wall x18 |
| 26:28 | 种田人口才是基本盘 · first_building Siege Workshop |
| 27:01 | Richman · first_market_sell 100 wood |
| 27:26 | PNLN | maromba_aoe · first_building Siege Workshop |
| 28:19 | SlyFever · first_building Archery Range |
| 28:19 | 种田人口才是基本盘 · age_up imperial |
| 28:21 | 种田人口才是基本盘 · first_building Castle |
| 28:49 | SlyFever · wall_segment Stone Wall x6 |
| 29:13 | SlyFever · wall_segment Stone Wall x1 |
| 29:13 | SlyFever · wall_segment Stone Wall x1 |
| 29:14 | SlyFever · wall_segment Stone Wall x1 |
| 30:21 | PNLN | maromba_aoe · first_building Archery Range |
| 30:58 | 抖音帝国阿飞 · first_building Siege Workshop |
| 31:10 | Karoliusw06 · first_market_sell 100 food |
| 31:15 | PNLN | maromba_aoe · age_up imperial |
| 31:15 | Karoliusw06 · first_building Castle |
| 32:36 | PNLN | maromba_aoe · first_market_sell 100 stone |
| 33:04 | 抖音帝国阿飞 · resign |
| 33:16 | Richman · first_building Monastery |
| 33:48 | Richman · first_market_buy 100 food |
| 34:33 | Karoliusw06 · first_market_buy 100 wood |
| 35:07 | Element-Dy · age_up imperial |
| 36:44 | konstid · first_building Castle |
| 37:25 | Richman · age_up imperial |
| 37:40 | 种田人口才是基本盘 · tribute_sent a jugador 1 |
| 37:40 | 种田人口才是基本盘 · tribute_sent a jugador 2 |
| 37:40 | 种田人口才是基本盘 · tribute_sent a jugador 3 |
| 37:40 | 种田人口才是基本盘 · tribute_sent a jugador 4 |
| 37:40 | 种田人口才是基本盘 · tribute_sent a jugador 5 |
| 37:40 | 种田人口才是基本盘 · tribute_sent a jugador 6 |
| 37:40 | 种田人口才是基本盘 · tribute_sent a jugador 8 |
| 38:27 | PNLN | maromba_aoe · first_market_buy 100 wood |
| 38:42 | Element-Dy · first_market_sell 500 wood |
| 39:01 | Richman · first_building Siege Workshop |
| 39:28 | SlyFever · first_building Stable |
| 40:10 | 种田人口才是基本盘 · first_building Stable |
| 40:11 | Element-Dy · first_building Castle |
| 40:31 | 种田人口才是基本盘 · tribute_sent a jugador 1 |
| 40:31 | 种田人口才是基本盘 · tribute_sent a jugador 2 |
| 40:31 | 种田人口才是基本盘 · tribute_sent a jugador 3 |
| 40:31 | 种田人口才是基本盘 · tribute_sent a jugador 4 |
| 40:31 | 种田人口才是基本盘 · tribute_sent a jugador 5 |
| 40:31 | 种田人口才是基本盘 · tribute_sent a jugador 6 |
| 40:31 | 种田人口才是基本盘 · tribute_sent a jugador 8 |
| 40:38 | SlyFever · first_market_sell 500 food |
| 41:52 | konstid · age_up imperial |
| 42:23 | konstid · wall_segment Stone Wall x1 |
| 42:27 | konstid · wall_segment Stone Wall x1 |
| 42:28 | konstid · wall_segment Stone Wall x1 |
| 43:02 | Karoliusw06 · age_up imperial |
| 43:52 | SlyFever · age_up imperial |
[ ANÁLISIS IA · 1 CRÉDITO ]
¿Qué pasó realmente en esta partida?
Wolo.gg analiza cada decisión: build order, eco, micro, errores típicos por bracket. Análisis personalizado por WhatsApp o Discord en 30 segundos.
Guía civ
Sarracenos
Perfil
Jugador #4524901